 Dungeon Crawl Stone Soup version 0.27-a0-1196-g3e9cee4cb2 (webtiles) character file.

Game seed: 16449846491835398778

229 Tef the Covered (level 6, -1/47 HPs)
             Began as a Formicid Fighter on May 30, 2021.
             Slain by a gnoll
             ... wielding a +0 flail
              (6 damage)
             ... on level 3 of the Dungeon.
             The game lasted 00:05:32 (3434 turns).

Tef the Covered (Formicid Fighter)                  Turns: 3434, Time: 00:05:33

Health: -1/47      AC:  7    Str: 21    XL:     6   Next: 23%
Magic:  6/6        EV:  8    Int:  8    God:
Gold:   26         SH:  9    Dex: 11    Spells: 5/5 levels left

rFire    . . .     SeeInvis +   a - +0 war axe
rCold    . . .     Faith    .   c - +0 kite shield
rNeg     . . .     Spirit   .   b - +0 scale mail
rPois    .         Reflect  .   (helmet unavailable)
rElec    .         Harm     .   (no cloak)
rCorr    .         Rampage  .   (no gloves)
Will     .....                  (no boots)
Stlth    ..........             (no amulet)
HPRegen  0.15/turn              (no ring)
MPRegen  0.10/turn              (no ring)

@: no status effects
A: permanent stasis, dig shafts and tunnels, antennae 3, four strong arms
a: Dig, Shaft Self


You were on level 3 of the Dungeon.
You visited 1 branch of the dungeon, and saw 4 of its levels.

You collected 26 gold pieces.

Inventory:

Hand Weapons
 a - a +0 war axe (weapon)
Armour
 b - a +0 scale mail (worn)
 c - a +0 kite shield (worn)
Scrolls
 g - a scroll of teleportation {unknown}
 h - 2 scrolls of identify {unknown}
 i - a scroll of holy word {unknown}
 j - a scroll of fog {unknown}
Potions
 d - a potion of might
 e - a potion of ambrosia {unknown}
 f - 4 potions of curing {unknown}


   Skills:
 - Level 3.2 Fighting
 + Level 4.4 Axes
 + Level 5.5 Armour
 - Level 3.6 Shields


You had 5 spell levels left.
You didn't know any spells.
Your spell library contained the following spells:

 Spells                   Type           Power      Damage    Failure   Level
 Summon Small Mammal      Summ           0%         N/A       98%         1
 Call Imp                 Summ           0%         N/A       99%         2
 Call Canine Familiar     Summ           0%         N/A       100%        3
 Summon Guardian Golem    Hex/Summ       0%         N/A       100%        3
 Summon Ice Beast         Ice/Summ       0%         N/A       100%        4
 Summon Lightning Spire   Summ/Air       0%         N/A       100%        4


Dungeon Overview and Level Annotations

Branches:
Dungeon (4/15)
 Temple: D:4-7

Altars:


Innate Abilities, Weirdness & Mutations

You cannot be hasted, slowed, berserked, paralysed or teleported.
You can dig through walls and to a lower floor.
You have a pair of large antennae on your head. (SInv)
Your four strong arms can wield two-handed weapons with a shield.


Message History

You kill the gnoll!
The gnoll barely misses you. The gnoll completely misses you.
You see here a +0 flail.
You slash the gnoll!
You kill the gnoll!
The gnoll barely misses you.
You slash the gnoll!
The gnoll is severely wounded.
You block the gnoll's attack.
You hit the gnoll.
The gnoll is severely wounded.
You block the gnoll's attack.
You closely miss the gnoll.
The gnoll is severely wounded.
You block the gnoll's attack. The gnoll hits you with a +0 flail!
You barely miss the gnoll.
The gnoll is severely wounded.
The gnoll completely misses you.
You slash the gnoll!
You kill the gnoll!
You closely miss the gnoll. You block the gnoll's attack.
The gnoll hits you with a +0 flail!
* * * LOW HITPOINT WARNING * * *
You hit the gnoll.
The gnoll is lightly wounded.
The gnoll hits you but does no damage.
You hit the gnoll.
The gnoll is heavily wounded.
The gnoll barely misses you. You block the gnoll's attack.
You hit the gnoll.
The gnoll is almost dead.
The gnoll hits you with a +0 flail!
* * * LOW HITPOINT WARNING * * *
Things that are here:
a +0 ring mail; a +1 hand axe of venom You closely miss the gnoll.
The gnoll is almost dead.
The gnoll hits you with a +0 flail.
You die...

#. #.....# #.'.{. ##+### #.#.
#.....# ####.#... #....###g#.
#.....# ##........ #.........
#.....######.....#.## #..... ...
+.................... #..g.# #g#
#.............#..#### #..gg# #.#
#.######.##......
#....###.########.######.....####
#..>.....)))...g@................
#################.###############
.........# #.# ###### ########.#
#.# #..... ......<#.# #.# #.####
#.####.#.# #.# #.##.. .....#.#.#
#.# #.##.# ########.########.#
#.##.# ................#.# #.##.#


You could see a gnoll.

Vanquished Creatures
  A water moccasin skeleton (D:3)
  An orc priest (D:3)
  An iguana (D:3)
  4 gnolls (D:3)
  A worm (D:4)
  3 dart slugs
  5 orcs
  7 bats
  6 endoplasms
  3 giant cockroaches
  6 goblins
  4 hobgoblins
  6 jackals
  3 quokkas
  8 ball pythons
  3 frilled lizards
  10 kobolds
  5 rats
77 creatures vanquished.

Notes
Turn   | Place    | Note
-------+----------+-------------------------------------------
     0 | D:1      | Tef the Formicid Fighter began the quest for the Orb.
     0 | D:1      | Reached XP level 1. HP: 18/18 MP: 1/1
   303 | D:1      | Found a faded altar of an unknown god.
   346 | D:1      | Reached XP level 2. HP: 22/24 MP: 2/2
   662 | D:1      | Reached XP level 3. HP: 29/29 MP: 3/3
   908 | D:1      | Reached skill level 4 in Armour
  1529 | D:2      | Reached XP level 4. HP: 33/35 MP: 4/4
  2382 | D:3      | Reached XP level 5. HP: 37/41 MP: 5/5
  2683 | D:3      | Reached skill level 5 in Armour
  3107 | D:3      | Reached XP level 6. HP: 13/47 MP: 6/6
  3434 | D:3      | Slain by a gnoll

Illustrated notes

Levels and vault maps discovered:
D:1:      dpeg_arrival_erosion, layout_loops_corners,
          shapermc_ecumenical_altar_notcrosses
D:2:      layout_loops_ring
D:3:      layout_basic, minmay_misc_feat_diagonals
D:4:      layout_basic, uniq_edmund

Skill      XL: |  1  2  3  4  5 |
---------------+----------------+-----
Armour         | 4 5 |  5.5
Axes           | 3 4 |  4.4
Fighting       | |  3.2
Shields        | |  3.6

Action                   |  1- 3 |  4- 6 || total
-------------------------+-------+-------++-------
Melee: War axe           |   102 |   131 ||   233
 Abil: Dig               |       |     2 ||     2
Armor: Scale mail        |    48 |    53 ||   101
Dodge: Dodged            |    25 |    44 ||    69
Block: Kite shield       |    39 |    83 ||   122

Table legend: (Time is in decaauts)
 A = Elapsed time spent in this place.
 B = Non-inter-level travel time spent in this place.
 C = Inter-level travel time spent in this place.
 D = Time resting spent in this place.
 E = Time spent auto-exploring this place.
 F = Levels seen in this place.
 G = Mean time per level.
                   A        B        C        D        E       F      G
               +--------+--------+--------+--------+--------+-----+--------+
         Total |   3557 |   3486 |     71 |    259 |   2409 |   4 |  889.2 |
       Dungeon |   3557 |   3486 |     71 |    259 |   2409 |   4 |  889.2 |
               +--------+--------+--------+--------+--------+-----+--------+

Top non-repeatable levels by time:
     D:1: 1305 daAuts
     D:3: 1149 daAuts
     D:2: 987 daAuts
     D:4: 115 daAuts
